 Dungeon Crawl Stone Soup version 0.21.1-1-g345015fe64 (webtiles) character file.

4004 Evaline the Slinger (level 10, -8/46 HPs)
             Began as a Spriggan Warper on July 2, 2018.
             Was a Follower of Ashenzari.
             Killed from afar by Erica (20 damage)
             ... with a bolt of poison
             ... on level 8 of the Dungeon.
             The game lasted 01:36:37 (10204 turns).

Evaline the Slinger (Spriggan Warper)              Turns: 10204, Time: 01:36:39

Health: -8/46      AC:  5    Str:  7    XL:     10   Next: 3%
Magic:  19/21      EV: 28    Int: 18    God:    Ashenzari [*.....]
Gold:   370        SH:  0    Dex: 19    Spells: 6/22 levels left

rFire    . . .     SeeInvis +   a - +2 short sword (venom)
rCold    . . .     Gourm    .   (shield restricted)
rNeg     . . .     Faith    .   k - +0 robe
rPois    .         Spirit   .   (helmet restricted)
rElec    .         Reflect  .   P - +2 cloak
rCorr    .         Harm     .   (gloves unavailable)
MR       +....                  (boots unavailable)
Stlth    ++++......             B - amulet of magic regeneration
HPRegen  0.15/turn              j - +3 ring of intelligence (curse)
MPRegen  0.42/turn              u - +3 ring of evasion

@: lethally poisoned (-8 -> -19), very quick
A: very small, unfitting armour, see invisible, herbivore, speed 3, slow
metabolism 2
a: Curse Item, Scrying, Renounce Religion


You were on level 8 of the Dungeon.
You worshipped Ashenzari.
Ashenzari was aware of your devotion.
You were very hungry.

You visited 2 branches of the dungeon, and saw 10 of its levels.

You collected 370 gold pieces.

Inventory:

Hand Weapons
 a - a +2 short sword of venom (weapon)
 b - a +2 hunting sling of freezing
 n - a +0 whip
 q - a +0 falchion
 w - a +0 rapier
Missiles
 i - 96 stones (quivered)
 m - 28 poisoned needles
 D - 26 sling bullets
 F - 5 tomahawks of dispersal
Armour
 k - a +0 robe (worn)
 P - a +2 cloak (worn)
Magical Staves
 T - an uncursed staff of air
Jewellery
 j - a cursed +3 ring of intelligence (left hand)
 u - a +3 ring of evasion (right hand)
 B - an amulet of magic regeneration (around neck)
Wands
 r - a wand of iceblast (12)
 v - a wand of disintegration (59)
 O - a wand of flame (17)
Scrolls
 d - 2 scrolls of blinking
 g - a scroll of magic mapping {unknown}
 h - 6 scrolls of identify {unknown}
 l - 6 scrolls of teleportation {unknown}
 p - a scroll of torment {unknown}
 t - 3 scrolls of immolation {unknown}
 x - 2 scrolls of fog {unknown}
 y - 3 scrolls of random uselessness {unknown}
 G - 2 scrolls of enchant weapon {unknown}
 L - a scroll of fear {unknown}
 N - a scroll of holy word {unknown}
 R - a scroll of silence {unknown}
 S - 2 scrolls of remove curse
Potions
 e - 2 potions of agility {unknown}
 o - 4 potions of heal wounds
 s - a potion of might {unknown}
 z - a potion of invisibility {unknown}
 A - 2 potions of brilliance {unknown}
 C - 3 potions of curing {unknown}
 I - 2 potions of haste {unknown}
 J - a potion of degeneration {unknown}
 K - a potion of berserk rage {unknown}
 M - a potion of mutation {unknown}
 Q - a potion of lignification {unknown}
Books
 c - a book of Spatial Translocations

   Spells                             Type                      Level
   a - Blink                          Translocation                2
   b - Shroud of Golubria             Charms/Translocation         2
   c - Lesser Beckoning               Translocation                3
   d - Gell's Gravitas                Translocation                3
   e - Teleport Other                 Translocation                3
   f - Passage of Golubria            Translocation                4
 E - a book of Cantrips

   Spells                             Type                      Level
   a - Confusing Touch                Hexes                        1
   b - Animate Skeleton               Necromancy                   1
   c - Summon Small Mammal            Summoning                    1
   d - Apportation                    Translocation                1
Comestibles
 f - 8 rations


   Skills:
 - Level 1.5 Fighting
 * Level 4.3(5.2) Short Blades
 + Level 3.1(3.8) Long Blades
 + Level 10.2 Slings
 - Level 1.0(5.4) Throwing
 * Level 8.6 Dodging
 * Level 8.5 Stealth
 * Level 6.8 Spellcasting
 - Level 1.0 Summonings
 - Level 7.0 Translocations


You had 6 spell levels left.
You knew the following spells:

 Your Spells              Type           Power        Failure   Level  Hunger
a - Gell's Gravitas       Tloc           ####......   1%          3    ##.....
b - Passage of Golubria   Tloc           N/A          6%          4    ####...
m - Summon Small Mammal   Summ           #...         8%          1    None
q - Apportation           Tloc           ####..       1%          1    None
s - Shroud of Golubria    Chrm/Tloc      ###.......   3%          2    None
x - Teleport Other        Tloc           ####....     1%          3    ##.....
z - Blink                 Tloc           N/A          1%          2    None


Dungeon Overview and Level Annotations

Branches:
Dungeon (9/15)             Temple (1/1) D:5
   Lair: D:8-11         Orc: D:9-12

Altars:
Ashenzari
Cheibriados
Elyvilon
Fedhas
Gozag
Hepliaklqana
Kikubaaqudgha
Makhleb
Nemelex Xobeh
Okawaru
Qazlal
Ru
Sif Muna
Trog
Uskayaw
Vehumet
Wu Jian
Xom
Yredelemnul
Zin
The Shining One

Shops:
D:5 (   D:8 !?

Annotations:
D:2 Hostile(R) OOR - Digging
D:3 exclusion: oklob plant
D:8 exclusion: orange crystal statue, Erica; Pikel
D:9 Salt's ghost, novice DECj


Innate Abilities, Weirdness & Mutations

You are very small and have problems with some larger weapons.
You are too small for most types of armour.
You have supernaturally acute eyesight. (SInv)
You are a herbivore.
You cover ground extremely quickly.
You need consume almost no food.


Message History

Erica burns you.
You hit Erica but do no damage.
Erica is poisoned.
Erica is moderately wounded.
Erica hits you with a scimitar of flaming.
Erica burns you.
You hit Erica but do no damage.
Erica looks as sick as possible!
Erica is heavily wounded.
Erica hits you with a scimitar of flaming!
Erica burns you.
* * * LOW HITPOINT WARNING * * *
Casting: Apportation
Confirm with . or Enter, or press ? or * to list all spells.
Okay, then.
Casting: Apportation
Confirm with . or Enter, or press ? or * to list all spells.
You blink.
Erica gestures at you while chanting. The bolt of poison hits you!
You are poisoned.
You die...

#....(...# #__ #...)
#........###.. #####.#.
#∩[.......##'' #.......
#.....)...##..##.......
####(######....#.......
#.#### #......)...
#....# #..........
#...(######.....)...
#@.@(#..............
#....(.....####.....
#§...#####.#....#..#
#....# #..........
#.)..# #####)###..#.
#....###.....#...###
#.#####.........## #)#
#.........## #.#
#.).......#


You could see Erica.

Vanquished Creatures
  A two-headed ogre (D:5)
  Psyche (D:8)
  Prince Ribbit (D:8)
  A hippogriff (D:7)
  The ghost of Evaline the Skirmisher, an amateur GrBe of Trog (D:4)
  Eustachio (D:6)
  2 orc warriors
  A sky beast (D:7)
  An ice beast (D:6)
  A necrophage (D:8)
  2 ogres
  2 centaurs
  3 bullfrogs
  4 wights (D:8)
  2 crimson imps
  A quasit (D:8)
  5 hounds
  3 jellies
  An orc priest (D:6)
  6 orc wizards
  A bullfrog skeleton (D:5)
  Crazy Yiuf (D:6)
  A centaur skeleton (D:5)
  2 iguanas
  Natasha (thrice) (D:3)
  4 worker ants
  A killer bee zombie (D:6)
  3 hound zombies (D:5)
  A howler monkey zombie (D:5)
  6 gnolls
  9 adders
  A shadow imp (D:6)
  2 oozes (D:5)
  An adder zombie (D:5)
  3 worms
  2 dart slugs (D:1)
  6 leopard geckos
  23 orcs
  9 giant cockroaches
  4 goblins
  5 hobgoblins
  5 jackals
  2 kobolds (D:1)
  A quokka (D:7)
  A ball python (D:1)
  4 bats
  3 frilled lizards
  16 rats
160 creatures vanquished.

Vanquished Creatures (others)
  15 toadstools (D:3)
15 creatures vanquished.

Grand Total: 175 creatures vanquished

Notes
Turn   | Place    | Note
-------+----------+-------------------------------------------
     0 | D:1      | Evaline the Spriggan Warper began the quest for the Orb.
     0 | D:1      | Reached XP level 1. HP: 10/10 MP: 5/5
   433 | D:1      | Reached XP level 2. HP: 6/14 MP: 6/6
   464 | D:1      | Reached skill level 1 in Stealth
  1488 | D:2      | Noticed a moth of wrath
  1491 | D:2      | Found a bloodstained altar of Trog.
  1539 | D:2      | Reached XP level 3. HP: 18/18 MP: 8/8
  2686 | D:2      | Found a bloodstained altar of Trog.
  2806 | D:2      | Reached skill level 1 in Slings
  3183 | D:2      | Learned a level 2 spell: Blink
  3186 | D:2      | Learned a level 2 spell: Shroud of Golubria
  3190 | D:2      | Learned a level 3 spell: Gell's Gravitas
  3522 | D:3      | Noticed Natasha
  3526 | D:3      | Killed Natasha
  3526 | D:3      | Reached skill level 2 in Slings
  3526 | D:3      | Reached XP level 4. HP: 19/22 MP: 9/9
  3722 | D:3      | Found a blossoming altar of Fedhas.
  3732 | D:3      | Noticed an oklob plant
  3899 | D:3      | Reached skill level 5 in Dodging
  4315 | D:3      | Noticed Natasha
  4319 | D:3      | Killed Natasha
  4319 | D:3      | Reached XP level 5. HP: 25/25 MP: 10/10
  4327 | D:3      | Noticed Natasha
  4341 | D:3      | Killed Natasha
  4341 | D:3      | Reached skill level 3 in Slings
  4638 | D:4      | Noticed Evaline's ghost (amateur GrBe)
  4729 | D:4      | Noticed an ogre
  4817 | D:4      | Killed an ogre
  4817 | D:4      | Reached skill level 4 in Slings
  4817 | D:4      | Reached XP level 6. HP: 11/30 MP: 12/12
  5043 | D:4      | Killed Evaline's ghost
  5043 | D:4      | Reached skill level 5 in Slings
  5043 | D:4      | Reached skill level 5 in Translocations
  5170 | D:4      | Reached XP level 7. HP: 28/33 MP: 14/14
  5342 | D:4      | Learned a level 3 spell: Teleport Other
  5347 | D:4      | Learned a level 4 spell: Passage of Golubria
  5519 | D:4      | Reached skill level 1 in Short Blades
  6007 | D:4      | Reached skill level 6 in Slings
  6056 | D:5      | Entered Level 5 of the Dungeon
  6193 | D:5      | Found a staircase to the Ecumenical Temple.
  6203 | Temple   | Entered the Ecumenical Temple
  6208 | Temple   | Became a worshipper of Ashenzari the Shackled
  6238 | D:5      | Noticed a two-headed ogre
  6425 | D:5      | Killed a two-headed ogre
  6425 | D:5      | Reached skill level 7 in Slings
  6425 | D:5      | Reached skill level 5 in Spellcasting
  6425 | D:5      | Reached XP level 8. HP: 10/37 MP: 14/16
  6613 | D:5      | Found Ubittokh's Weapon Boutique.
  6762 | D:5      | Found a sacrificial altar of Ru.
  7392 | D:6      | Reached skill level 8 in Slings
  7691 | D:6      | Reached XP level 9. HP: 41/41 MP: 18/18
  7712 | D:6      | Found a basalt altar of Yredelemnul.
  7962 | D:6      | Reached * piety under Ashenzari
  8140 | D:6      | Noticed Eustachio
  8152 | D:6      | Killed Eustachio
  8191 | D:6      | Found a runed door.
  8196 | D:6      | Noticed Crazy Yiuf
  8222 | D:6      | Killed Crazy Yiuf
  8240 | D:6      | Learned a level 1 spell: Apportation
  8242 | D:6      | Learned a level 1 spell: Summon Small Mammal
  8333 | D:7      | Found a burning altar of Makhleb.
  8484 | D:7      | You fall through a shaft for 2 floors!
  8492 | D:9      | Noticed Salt's ghost (novice DECj)
  8504 | D:9      | Noticed a two-headed ogre
  8518 | D:8      | Noticed Prince Ribbit
  8547 | D:8      | HP: 2/41 [Prince Ribbit (15)]
  8573 | D:8      | Noticed Pikel
  8603 | D:8      | Noticed Erica
  9042 | D:7      | Reached skill level 9 in Slings
  9259 | D:7      | Reached skill level 1 in Summonings
  9677 | D:8      | Found Yhona's Magic Scroll Shop.
  9677 | D:8      | Noticed Psyche
  9687 | D:8      | Killed Psyche
  9732 | D:8      | Killed Prince Ribbit
  9776 | D:8      | Noticed an orange crystal statue
  9849 | D:8      | Found an iron altar of Okawaru.
  9849 | D:8      | Found an ornate altar of the Wu Jian Council.
  9884 | D:8      | Reached skill level 10 in Slings
 10045 | D:8      | Reached XP level 10. HP: 34/46 MP: 21/21
 10085 | D:8      | Found Ufureig's Distillery.
 10204 | D:8      | Killed from afar by Erica

Skill      XL: |  1  2  3  4  5  6  7  8  9 |
---------------+----------------------------+-----
Dodging        | 4 5 6 7 8 |  8.6
Stealth        | 1 2 3 4 6 7 8 |  8.5
Long Blades    | 2 3 |  3.1
Spellcasting   | 3 4 5 6 |  6.8
Slings         | 2 4 5 7 8 10 | 10.2
Translocations | 5 6 7 |  7.0
Short Blades   | 2 3 4 |  4.3
Summonings     | 1 |  1.0
Fighting       | |  1.5
Throwing       | |  1.0

Action                   |  1- 3 |  4- 6 |  7- 9 | 10-12 || total
-------------------------+-------+-------+-------+-------++-------
Melee: Falchion          |    71 |     6 |   113 |       ||   190
       Dagger            |     4 |     4 |    18 |       ||    26
       Short sword       |       |    22 |    65 |     3 ||    90
       Rapier            |       |       |    16 |     1 ||    17
 Fire: Hunting sling     |    75 |   141 |   358 |    19 ||   593
Throw: Tomahawk          |       |       |     2 |     1 ||     3
       Stone             |       |       |     1 |       ||     1
 Cast: Apportation       |       |       |     3 |       ||     3
       Blink             |       |       |       |     1 ||     1
 Stab: Sleeping          |     7 |     2 |    19 |     1 ||    29
  Eat: Ration            |       |       |     2 |       ||     2
Armor: Robe              |     6 |     4 |    16 |       ||    26
Dodge: Dodged            |    72 |    34 |   244 |     1 ||   351
       Rpst.: Falchion   |    15 |     1 |    43 |       ||    59
